 Dungeon Crawl Stone Soup version 0.31.0-11-ge490571c62 (webtiles) character file.

Game seed: 12204203194358298820

140 Goblin1989 the Changeling (level 5, -3/37 (38) HPs)
             Began as a Demonspawn Shapeshifter on Feb 2, 2024.
             Slain by a wight
             ... wielding a +2 great sword
              (14 damage)
             ... on level 4 of the Dungeon.
             The game lasted 00:04:44 (3412 turns).

Goblin1989 the Changeling (Demonspawn Shapeshifter) Turns: 3412, Time: 00:04:45

HP:   -3/37 (38)    AC:  6    Str: 16    XL:     5   Next: 2%
MP:   5/5           EV: 11    Int: 11    God:
Gold: 224           SH:  0    Dex: 12    Spells: 4/4 levels left

rFire   . .          .
                       - Unarmed
rCold   . . .        (no shield)
rNeg    . . .        t - +1 ring mail {rPois}
rPois   +            (helmet unavailable)
rElec   .            (cloak currently unavailable)
rCorr   .            (gloves currently unavailable)
SInv    +            (boots currently unavailable)
Will    .....        (no amulet)
Stlth   +            (no ring)
HPRegen 0.26/turn    (no ring)
MPRegen 0.09/turn

%: no passive effects
@: beast-form, lightly drained
A: beast (slay +2), antennae 3
a: Begin Untransformation


You were on level 4 of the Dungeon.
You were a hulking beast.
You visited 1 branch of the dungeon, and saw 4 of its levels.

You collected 224 gold pieces.

Inventory:

Armour
 a - a +0 animal skin
 t - a +1 ring mail of poison resistance (worn)
Jewellery
 n - a ring of magical power
Talismans
 c - a beast talisman (active)
 d - a flux talisman
Wands
 p - a wand of polymorph (5)
Scrolls
 e - a scroll of enchant weapon {unknown}
 g - 2 scrolls of teleportation {unknown}
 h - 3 scrolls of identify {unknown}
 i - a scroll of silence {unknown}
 j - a scroll of blinking {unknown}
 k - a scroll of revelation {unknown}
 m - a scroll of fog {unknown}
 r - a scroll of amnesia {unknown}
 s - a scroll of brand weapon {unknown}
Potions
 b - a potion of lignification
 f - a potion of magic {unknown}
 l - a potion of mutation {unknown}
 o - a potion of resistance {unknown}
 q - a potion of enlightenment {unknown}
 u - a potion of curing {unknown}


   Skills:
 + Level 2.0 Fighting
 + Level 2.3 Dodging
 * Level 3.6 Unarmed Combat
 + Level 3.7 Shapeshifting


You had 4 spell levels left.
You didn't know any spells.
Your spell library contained the following spells:

 Spells                   Type           Power      Damage    Failure   Level
 Kiss of Death            Conj/Necr      0%         2d5       56%         1
 Magic Dart               Conj           0%         1d3       56%         1
 Blink                    Tloc           0%         N/A       71%         2
 Call Imp                 Summ           0%         N/A       71%         2
 Confusing Touch          Hex            0%         N/A       90%         3
 Dispel Undead            Necr           0%         3d6       100%        4


Dungeon Overview and Level Annotations

Branches:
Dungeon (4/15) Zot: 20600
 Temple: D:4-7

Altars:


Innate Abilities, Weirdness & Mutations

You are a hulking beast.
Your limbs bulge with bestial killing power. (Slay +2)
You have a pair of large antennae on your head. (SInv)


Message History

The ribbon worm is heavily wounded.
The ribbon worm bites you but does no damage.
You hit the ribbon worm.
The ribbon worm is heavily wounded.
You hit the ribbon worm but do no damage.
The ribbon worm is heavily wounded.
The ribbon worm bites you.
You take 4 damage, and have 34/38 hp.
You hit the ribbon worm.
The ribbon worm is severely wounded.
The ribbon worm barely misses you.
You hit the ribbon worm.
The ribbon worm is severely wounded.
You hit the ribbon worm.
The ribbon worm is almost dead.
The ribbon worm expels a string of sticky webbing.
The stream of webbing misses you.
You punch the ribbon worm!
You kill the ribbon worm!
Your Fighting skill increases to level 2!
No target in view!
No target in view!
No target in view!
No target in view!
No target in view!
No target in view!
No target in view!
No target in view!
No target in view!
No target in view!
No target in view!
No target in view!
No target in view!
No target in view!
No target in view!
No target in view!
u - a cyan potion Health restored: 38 You see here a +0 trident.
A wight comes into view. It is wielding a +2 great sword.
Things that are here:
a +0 flail; an orc corpse A wight is nearby!
A wight is nearby!
A wight is nearby!
A wight comes into view. It is wielding a +0 long sword.
You hit the wight but do no damage.
The wight hits you with a +2 great sword!
An orc comes into view. It is wielding a +0 trident.
The orc shouts!
You hit the wight.
The wight is moderately damaged.
You hear a shout!
A wight comes into view. It is wielding a +4 halberd.
The wight hits you with a +2 great sword.
You feel drained.
You take 19 damage, and have 19/37 hp.
MASSIVE DAMAGE!!
You are too injured to fight recklessly!
You are too injured to fight recklessly!
You are too injured to fight recklessly!
You are too injured to fight recklessly!
You are too injured to fight recklessly!
You are too injured to fight recklessly!
You are too injured to fight recklessly!
You are too injured to fight recklessly!
You are too injured to fight recklessly!
You are too injured to fight recklessly!
You are too injured to fight recklessly!
You are too injured to fight recklessly!
You are too injured to fight recklessly!
You are too injured to fight recklessly!
You are too injured to fight recklessly!
You are too injured to fight recklessly!
You are too injured to fight recklessly!
You are too injured to fight recklessly!
You are too injured to fight recklessly!
You are too injured to fight recklessly!
You are too injured to fight recklessly!
You are too injured to fight recklessly!
You are too injured to fight recklessly!
You are too injured to fight recklessly!
The wight attacks as it pursues you! The wight closely misses you.
The wight attacks as it pursues you!
The wight hits you with a +2 great sword!
* * * LOW HITPOINT WARNING * * *
You take 9 damage, and have 10/37 hp.
MASSIVE DAMAGE!!
The wight attacks as it pursues you! The wight barely misses you.
Things that are here:
a +0 flail; an orc corpse
Okay, then.
Aiming: Polymorph
Press: ? - help, Shift-Dir - straight line, f - wight
Aim: a wight, wielding a +2 great sword and wearing a +0 robe (moderately damaged, not susceptible)
The wight is unaffected.
The wight closely misses you.
Aiming: Polymorph
Press: ? - help, Shift-Dir - straight line, f/p - wight
Aim: a wight, wielding a +2 great sword and wearing a +0 robe (moderately damaged, not susceptible)
The wight is unaffected.
The wight hits you with a +2 great sword!
You die...

█.....██ █.█ ████.█
█......███.██████ █....█
█...............███....██
█...█...................█
█...)..███.██.█.██.......
..█..█ █.█....███.█...█ █
█.█.)█ █......█ █.██.██
███.███.█..███.█.█.██
█.██...
█.........)zh.$.███.█
█.█████
..█.....█.z███.█!█ ██ █▲█
█ █...█████..█ █.██.█ █
██. █..█ █.█ .█ █.
█{z........ ▲.
██.███.██.██ █ .o. ..█
... ..█ .....


You could see 2 wights.

Vanquished Creatures
  Robin (D:4)
  4 adders
  A dart slug (D:1)
  A ribbon worm (D:4)
  5 orcs
  4 ball pythons
  8 endoplasms
  3 giant cockroaches
  11 hobgoblins
  4 quokkas
  5 bats
  7 frilled lizards
  14 goblins
  7 kobolds
  2 rats
77 creatures vanquished.

Notes
Turn   | Place    | Note
-------+----------+-------------------------------------------
     0 | D:1      | Goblin1989 the Demonspawn Shapeshifter began the quest for
                  | the Orb.
     0 | D:1      | Reached XP level 1. HP: 15/15 MP: 1/1
    92 | D:1      | Gained mutation: You have a pair of small antennae on your
                  | head. [demonic ancestry]
    92 | D:1      | Reached XP level 2. HP: 21/21 MP: 2/2
   586 | D:1      | Found a faded altar of an unknown god.
   883 | D:1      | Gained mutation: You have a pair of antennae on your head.
                  | [demonic ancestry]
   883 | D:1      | Reached XP level 3. HP: 17/26 MP: 3/3
  1451 | D:2      | You fall into a shaft and drop 1 floor!
  1961 | D:2      | Gained mutation: You have a pair of large antennae on your
                  | head. (SInv) [demonic ancestry]
  1961 | D:2      | Reached XP level 4. HP: 29/32 MP: 4/4
  3211 | D:4      | Noticed Robin
  3224 | D:4      | Killed Robin
  3337 | D:4      | Reached XP level 5. HP: 29/38 MP: 5/5
  3412 | D:4      | Slain by a wight

Illustrated notes

Levels and vault maps discovered:
D:1:      minmay_arrival_loop, layout_loops_cross,
          chequers_ecumenical_altar_grove, minmay_strange_pillars, st_stairs_11,
          wander_ebering_terrifying_dragon_lair
D:2:      layout_basic, minmay_misc_feat_alley, hangedman_decor_slide_cut,
          kennysheep_small_spiral
D:3:      layout_rooms
D:4:      layout_loops_ring, minmay_temple_entry_hall,
          dilly_guarded_unrand_morg, uniq_eustachio, uniq_robin

Skill      XL: |  1  2  3  4  5 |
---------------+----------------+-----
Shapeshifting  | 3 |  3.7
Unarmed Combat | 3 |  3.6
Dodging        | 2 |  2.3
Fighting       | 2 |  2.0

Action                     |  1- 3 |  4- 6 || total
---------------------------+-------+-------++-------
  Melee: Unarmed           |   169 |    93 ||   262
         Punch             |     1 |     2 ||     3
  Evoke: Wand              |       |     2 ||     2
 Armour: Animal skin       |    76 |    29 ||   105
         Ring mail         |       |    32 ||    32
  Dodge: Dodged            |    94 |    48 ||   142
   Form: Beast             |     1 |       ||     1
